Match 22835919
Unlisted

Match 22835919
End
Construct Infanterie Kompanie
Selects Luftwaffe Battlegroup
Selects Luftwaffe Pioneer Support
Fallschirmpioneer Squad Paradrop
MG 42 Machine Gun Team
Grenadier Squad
Grenadier Squad
Construct Panzergrenadier Kompanie
251 Medium Carrier
Medical Station
Panzergrenadier Squad
251 Medium Carrier
Selects Stuka Strafing Run
Selects LG40 Recoilless Gun Paradrop
LG40 Recoilless Gun Paradrop
Panzergrenadier Squad
Stuka Strafing Run
Selects Fallschirmjäger Squad Paradrop
Construct Panzer Kompanie
Stoßtruppen Squad
Stoßtruppen Squad
Selects Stuka Loiter
Panzer IV Medium Tank
Stuka Strafing Run
Stuka Strafing Run
Stoßtruppen Squad
Panzer Officer Quarters
Selects Infantry Reserves
Stuka Strafing Run
Panzer IV Medium Tank
Panzer IV Medium Tank
Pioneer Squad
Panzer IV Medium Tank
Stoßtruppen Squad
Stuka Loiter
Fallschirmpioneer Squad Paradrop
Pioneer Squad
UH|ck
UH|BluEskY
UH|dun! ツ
iceman
Serjio Dragonis
McGriggles
SvenDevil
BAOBAB
0
0

Comments sign in to comment!

No comments posted yet!